 Dungeon Crawl Stone Soup version 0.31-a0-237-g2d982f9f85 (webtiles) character file.

Game seed: 1389532654757497524

73 qw the Shooter (level 4, -3/26 HPs)
             Began as a Gargoyle Hexslinger on July 10, 2023.
             Killed from afar by an orc wizard (7 damage)
             ... with a puff of flame
             ... on level 3 of the Dungeon.
             The game lasted 00:00:44 (2259 turns).

qw the Shooter (Gargoyle Hexslinger)                Turns: 2259, Time: 00:00:44

Health: -3/26      AC:  6    Str: 12    XL:     4   Next: 27%
Magic:  5/5        EV: 11    Int: 13    God:
Gold:   157        SH:  0    Dex: 14    Spells: 4/5 levels left

rFire   . . .        Y - +2 sling
rCold   . . .        (no shield)
rNeg    + . .        h - +0 leather armour
rPois   inf          (no helmet)
rElec   +            (no cloak)
rCorr   .            (no gloves)
SInv    .            (no boots)
Will    .....        (no amulet)
Stlth   +            (no ring)
HPRegen 0.24/turn    (no ring)
MPRegen 0.09/turn

%: no passive effects
@: no status effects
A: sickness immunity, AC +3, negative energy resistance 1, electricity
resistance, torment resistance 1, petrification resistance
a: no special abilities


You were on level 3 of the Dungeon.
You visited 1 branch of the dungeon, and saw 3 of its levels.

You collected 157 gold pieces.


Innate Abilities, Weirdness & Mutations

You are immune to sickness and miasma.
Your stone body is resilient. (AC +3)
You are immune to poison.
You resist negative energy. (rN+)
You are resistant to electric shocks. (rElec)
You are resistant to unholy torment.
You are immune to petrification.


   Skills:
 - Level 2.3 Fighting
 + Level 3.9 Ranged Weapons
 - Level 1.5 Dodging
 - Level 1.0 Spellcasting
 - Level 2.6 Hexes


You had 4 spell levels left.
You knew the following spells:

 Your Spells              Type           Power      Damage    Failure   Level
a - Slow                  Hex            28%        N/A       12%         1

Your spell library contained the following spells:

 Spells                   Type           Power      Damage    Failure   Level
 Inner Flame              Hex/Fire       4%         N/A       52%         3
 Portal Projectile        Hex/Tloc       8%         N/A       52%         3
 Cause Fear               Hex            3%         N/A       75%         4

Inventory:

Hand Weapons
 Y - a +2 sling (weapon)
Armour
 h - a +0 leather armour (worn)
Scrolls
 c - a scroll of blinking {unknown}
 d - a scroll of brand weapon {unknown}
 f - a scroll of identify
Potions
 a - a potion of curing {unknown}
 b - a potion of attraction {unknown}

Dungeon Overview and Level Annotations

Branches:
Dungeon (3/15)

Altars:

Shops:
D:2 =


Message History

The orc wizard hits you with a +0 dagger.
An orc wizard comes into view. It is wielding a +0 dagger.
You shoot a sling bullet.
The sling bullet closely misses the orc wizard.
The orc shouts!
The orc wizard hits you but does no damage.
You shoot a sling bullet. The sling bullet hits the orc wizard.
The orc wizard is moderately wounded.
The orc wizard barely misses you.
You shoot a sling bullet. The sling bullet hits the orc wizard.
The orc wizard is heavily wounded.
The orc wizard hits you but does no damage.
The orc hits you with a +0 short sword.
The orc wizard gestures wildly while chanting.
The orc wizard flickers and vanishes!
Deactivating autopickup; reactivate with Ctrl-A.
The orc wizard hits you but does no damage.
You shoot a sling bullet. The sling bullet hits the orc wizard.
The orc wizard is severely wounded.
The orc wizard hits you with a +0 dagger.
The orc hits you with a +0 short sword.
You shoot a sling bullet.
The sling bullet hits the orc wizard but does no damage.
The orc wizard is severely wounded.
The orc wizard hits you with a +0 dagger.
The orc hits you but does no damage.
You shoot a sling bullet.
The sling bullet closely misses the orc wizard.
The orc wizard gestures at you while chanting.
The magic dart hits you. The orc hits you with a +0 flail.
The orc hits you but does no damage.
The orc wizard hits you but does no damage.
Something hits you. The orc barely misses you. The orc completely misses you.
You shoot a sling bullet. The sling bullet hits the orc wizard.
You kill the orc wizard!
The orc hits you with a +0 flail! The orc hits you with a +0 short sword.
You hear some strange, mumbled words.
A puff of flame appears from out of thin air!
The puff of flame hits you!
You die...

#.............# #.#
####....###..##..# #.#
..................# #.#
..........##..###.# #.##
.....#....#.......# #.%.
.....#....##..###.# ##.#
..............# #.# #.#
.....#.o..##..# #.# #.#
####.#.)@.)#..###.# #.#
......{o.#....##.# #.#
.##..............# #.# .
##.....##..%##.#####.#
...................##.#
#.#.....###..##.#####.#
###.#.....###...........#
)..............##.#######
.##.......####.##.#


You could see 2 orcs.

Vanquished Creatures
  An orc wizard (D:3)
  An adder (D:2)
  3 worms
  3 dart slugs (D:3)
  3 orcs (D:3)
  6 endoplasms
  2 giant cockroaches
  3 goblins
  4 hobgoblins
  3 kobolds
  3 quokkas (D:1)
  2 ball pythons (D:1)
  2 bats (D:2)
  2 frilled lizards (D:2)
  6 rats
44 creatures vanquished.

Notes
Turn   | Place    | Note
-------+----------+-------------------------------------------
     0 | D:1      | qw the Gargoyle Hexslinger began the quest for the Orb.
     0 | D:1      | Reached XP level 1. HP: 12/12 MP: 2/2
     0 | D:1      | 0 ||| qw: Version: 0.3-a-52-g30416fa
     0 | D:1      | 0 ||| qw: Game counter: 5164
     0 | D:1      | 0 ||| qw: Melee chars always use a shield: true
     0 | D:1      | 0 ||| qw: God list: Okawaru
     0 | D:1      | 0 ||| qw: Allow faded altars: false
     0 | D:1      | 0 ||| qw: Do Orc after clearing Dungeon:15 true
     0 | D:1      | 0 ||| qw: Do second Lair branch before Depths: true
     0 | D:1      | 0 ||| qw: Lair rune preference: random
     0 | D:1      | 0 ||| qw: Goals: Normal
     0 | D:1      | 0 ||| PLANNING D:1-11
   268 | D:1      | Reached XP level 2. HP: 16/16 MP: 3/3
   450 | D:1      | Reached skill level 3 in Ranged Weapons
   487 | D:1      | Found a faded altar of an unknown god.
   756 | D:1      | 756 ||| UPGRADING to +0 leather armour.
   766 | D:1      | 766 ||| DROPPING +0 robe.
   767 | D:1      | 767 ||| READING scroll labelled TONKUA HOZIATH.
   768 | D:1      | 768 ||| READING scroll labelled HYPUM GOHIM.
   771 | D:1      | 771 ||| READING 2 scrolls labelled EZXEJU DYSOXA.
   772 | D:1      | 772 ||| READING 2 scrolls labelled AXAATOAREO.
   773 | D:1      | 773 ||| DROPPING scroll of poison.
   774 | D:1      | 774 ||| DROPPING scroll of immolation.
   814 | D:2      | HP: 2/16 [worm (7)]
   964 | D:2      | Reached XP level 3. HP: 21/21 MP: 4/4
  1253 | D:2      | Found Heoloxad's Jewellery Boutique.
  1261 | D:2      | 1261 ||| SHOPLISTING +6 ring of dexterity (504 gold, have
                  | 89).
  1261 | D:2      | 1261 ||| SHOPLISTING +6 ring of strength (504 gold, have
                  | 89).
  1261 | D:2      | 1261 ||| SHOPLISTING amulet of faith (560 gold, have 89).
  1261 | D:2      | 1261 ||| SHOPLISTING amulet of the acrobat (420 gold, have
                  | 89).
  1889 | D:2      | 1889 ||| READING scroll labelled ACUIX TICK.
  1890 | D:2      | 1890 ||| DRINKING 2 fuming golden potions.
  2002 | D:2      | 2002 ||| DROPPING potion of berserk rage.
  2027 | D:3      | 2027 ||| STAIRDANCE
  2076 | D:3      | Reached XP level 4. HP: 26/26 MP: 5/5
  2259 | D:3      | HP: 4/26 [orc/+0 short sword (5)]
  2259 | D:3      | Killed from afar by an orc wizard

Levels and vault maps discovered:
D:1:      amcnicky_arrival_single_pillar, layout_basic,
          hellmonk_ecumenical_altar_inner_sanctum, chequers_avenue,
          hex_intersection
D:2:      layout_basic, serial_shops, shop, serial_forest,
          infiniplex_forest_fountain, infiniplex_forest_lined_3,
          infiniplex_forest_zigzag_1, infiniplex_forest_straight_4,
          infiniplex_forest_lined_2, infiniplex_forest_corner_1,
          infiniplex_forest_end_2, minmay_hedge_maze
D:3:      layout_basic, uniq_natasha

Skill      XL: |  1  2 |
---------------+-------+-----
Ranged Weapons | 3 |  3.9
Fighting       | 2 |  2.3
Dodging        | |  1.5
Spellcasting   | |  1.0
Hexes          | |  2.6

Action                     |  1- 3 |  4- 6 || total
---------------------------+-------+-------++-------
  Melee: Sling             |    10 |       ||    10
   Fire: Sling             |   126 |    32 ||   158
    Use: Scroll            |     5 |       ||     5
         Potion            |     1 |       ||     1
 Armour: Robe              |     3 |       ||     3
         Leather armour    |     3 |    10 ||    13
  Dodge: Dodged            |    22 |     6 ||    28

Table legend:
 A = Non-vault XP
 B = Vault XP
 C = Vault XP percentage of total XP
 D = Non-vault monster count
 E = Vault monster count
 F = Vault count percentage of total count
                 A         B        C        D         E       F
            +---------+---------+-------+---------+---------+-------
      Total |     140 |       0 |   0.0 |      44 |       0 |   0.0
            +---------+---------+-------+---------+---------+-------
        D:1 |      26 |       0 |   0.0 |      16 |       0 |   0.0
        D:2 |      47 |       0 |   0.0 |      17 |       0 |   0.0
        D:3 |      67 |       0 |   0.0 |      11 |       0 |   0.0
            +---------+---------+-------+---------+---------+-------
